 Dungeon Crawl Stone Soup version 0.17.1-1-g73c8601 (webtiles) character file.

70 Runnr the Grave Robber (level 4, -6/32 HPs)
             Began as a Demonspawn Necromancer on Dec 19, 2015.
             Mangled by Sigmund
             ... wielding a +1 scythe of flaming
              (9 damage)
             ... on level 2 of the Dungeon.
             The game lasted 00:05:08 (2961 turns).

Runnr the Grave Robber (Demonspawn Necromancer)     Turns: 2961, Time: 00:05:08

Health: -6/32      AC:  2    Str:  9    XL:     4   Next: 3%
Magic:  8/8        EV: 14    Int: 17    God:
Gold:   126        SH:  0    Dex: 13    Spells: 2 memorised, 6 levels left

rFire  . . .     SeeInvis .     o - +3 whip (venom)
rCold  . . .     Clarity  .     a - +0 robe
rNeg   . . .     SustAt   .     (no shield)
rPois  .         Gourm    .     (no helmet)
rElec  .         Spirit   .     (no cloak)
rCorr  .         Warding  .     (no gloves)
rMut   .         Stasis   .     (no boots)
MR     .....                    (no amulet)
Stlth  +.........               (no ring)
                                (no ring)

@: confused, not resistant to hostile enchantments, very unstealthy
A: talons 1, repulsion field 1
a: no special abilities


You were on level 2 of the Dungeon.
You were hungry.

You visited 1 branch of the dungeon, and saw 2 of its levels.

You collected 126 gold pieces.

Inventory:

Hand Weapons
 o - a +3 whip of venom (weapon)
Armour
 a - a +0 robe (worn)
Jewellery
 r - an uncursed ring of protection from cold {unknown}
Scrolls
 e - a scroll of blinking {unknown}
 f - a scroll of identify {unknown}
 g - a scroll of teleportation {unknown}
 h - 6 scrolls of remove curse {unknown}
 k - a scroll of fear {unknown}
 s - a scroll of enchant weapon {unknown}
Potions
 d - 2 potions of curing
 j - a potion of brilliance {unknown}
 l - 2 potions of might {unknown}
 n - a potion of flight {unknown}
 p - a potion of invisibility {unknown}
Books
 b - a book of Necromancy

   Spells                             Type                      Level
   a - Pain                           Necromancy                   1
   b - Animate Skeleton               Necromancy                   1
   c - Vampiric Draining              Necromancy                   3
   d - Regeneration                   Charms/Necromancy            3
   e - Animate Dead                   Necromancy                   4
   f - Control Undead                 Necromancy                   4
Comestibles
 c - 4 bread rations
 i - a slice of pizza
 m - a fruit
 t - a meat ration


   Skills:
 + Level 1.4 Fighting
 + Level 2.4 Dodging
 - Level 1.7 Stealth
 + Level 2.6 Spellcasting
 + Level 4.9 Necromancy


You had 6 spell levels left.
You knew the following spells:

 Your Spells              Type           Power        Failure   Level  Hunger
a - Pain                  Necr           ###.         2%          1    #......
b - Animate Skeleton      Necr           N/A          2%          1    #......


Dungeon Overview and Level Annotations

Branches:
Dungeon (2/15)

Altars:
Dithmenos
Ru

Annotations:
D:2 Sigmund


Innate Abilities, Weirdness & Mutations

You have sharp toenails.
You are surrounded by a mild repulsion field (EV +2).


Message History

You bump into the rock wall.
Something barely misses you.
You bump into the rock wall.
A magic dart appears from out of thin air!
The magic dart hits you!
* * * LOW HITPOINT WARNING * * *
Drink which item? (? for menu, Esc to quit)
You don't have any such object.
Drink which item? (? for menu, Esc to quit)
You don't have any such object.
Drink which item? (? for menu, Esc to quit)
You feel better.
You hear some strange, mumbled words.
You are confused.
Something hits you!
* * * LOW HITPOINT WARNING * * *
Something burns you.
* * * LOW HITPOINT WARNING * * *
You closely miss something. You claw something. You miss something.
Something hits you!
You die...

#..........######
##+#............#
#........###.#
#..........#.#
##......##l#.#
#.......##.#.#
#.#...####$#.#
#.#......{.#.#
#.#.....####@#
#.#.###†####{#
#.#....{...#
#.#.###.## #
#.#.# #.#
#.#.#...# #..
#......#####.#
#.####.....#.#
#....###.#.#


There were no monsters in sight!

Vanquished Creatures
  An adder (D:2)
  3 gnolls (D:2)
  8 bats
  2 giant cockroaches
  2 hobgoblins (D:2)
  2 jackals (D:2)
  2 giant geckos (D:2)
  A giant newt (D:2)
  5 goblins
  7 kobolds
  4 rats
37 creatures vanquished.

Notes
Turn   | Place    | Note
--------------------------------------------------------------
     0 | D:1      | Runnr the Demonspawn Necromancer began the quest for the Orb.
     0 | D:1      | Reached XP level 1. HP: 13/13 MP: 3/3
   812 | D:1      | Gained mutation: You are surrounded by a mild repulsion field (EV +2). [demonic ancestry]
   812 | D:1      | Reached XP level 2. HP: 17/19 MP: 1/5
  1081 | D:2      | Learned a level 1 spell: Animate Skeleton
  1670 | D:2      | Reached XP level 3. HP: 5/25 MP: 2/6
  2145 | D:2      | Found a shadowy altar of Dithmenos.
  2293 | D:2      | Reached skill level 1 in Fighting
  2658 | D:2      | Gained mutation: You have sharp toenails. [demonic ancestry]
  2658 | D:2      | Reached XP level 4. HP: 13/32 MP: 2/8
  2901 | D:2      | Found a sacrificial altar of Ru.
  2904 | D:2      | Noticed Sigmund
  2961 | D:2      | Mangled by Sigmund

Action                   |  1- 3 |  4- 6 || total
-------------------------+-------+-------++-------
Melee: Unarmed           |     1 |       ||     1
       Whip              |    29 |    10 ||    39
 Cast: Pain              |    44 |       ||    44
       Animate Skeleton  |     2 |       ||     2
  Use: Potion            |       |     3 ||     3
 Stab: Sleeping          |     1 |       ||     1
  Eat: Chunk             |     5 |     1 ||     6
